Map: Interloper LE

Players

BlueTikiFire - Winner!

  • Race: Zerg Zerg
  • League: Gold
  • Spawn Location: 11:00

Juxtapose

  • Race: Protoss Protoss
  • League: Gold
  • Spawn Location: 5:00

VOD

https://youtu.be/6eXZfRYzQOk

Description

I didn't get any momentum going in this game, and blew it completely when I too easily let them into my front door.

Against Zerg, a single Sentry should always be the second unit out of a Gateway.

Anyway, it was clear to me at this point that I was not in the best Multiplayer StarCraft II mindset, so that was it for me for the evening.

Time

  • Played on: Oct. 23, 2017, 4:12 p.m.
  • Length: 9:53
Show
View Real Time Build Order
Export as new Build Order

BlueTikiFire Zerg - Winner!

Build Orders: Pool First, Zergling Baneling 

Get SALT Encoding   

  12  0:01  Drone  
  13  0:13  Overlord  
  13  0:17  Drone  
  14  0:31  Drone x2  
  16  0:40  Drone  
  17  0:46  Spawning Pool  
  16  0:50  Extractor, Drone  
  16  1:00  Drone  
  17  1:09  Drone  
  18  1:26  Drone  
  18  1:28  Drone  
  18  1:30  Hatchery  
  19  1:40  Drone  
  19  1:44  Queen  
  22  1:58  Overlord  
  22  2:08  Metabolic Boost  
  21  2:17  Zergling x2  
  21  2:18  Zergling x2  
  21  2:22  Zergling x2  
  24  2:36  Zergling x2  
  25  2:42  Zergling x2  
  26  2:44  Queen  
  26  2:45  Overlord  
  28  2:55  Zergling x4  
  30  3:04  Zergling x2  
  30  3:05  Zergling x6, Baneling Nest  
  33  3:23  Drone x2  
  33  3:24  Drone  
  36  3:47  Drone x6  
  36  3:48  Drone  
  43  3:49  Baneling x7  
  43  3:51  Baneling  
  43  3:55  Drone  
  44  4:03  Lair  
  38  4:30  Drone  
  38  4:31  Drone  
  38  4:33  Extractor  
  38  4:34  Extractor  
  38  4:38  Drone, Spore Crawler  
  34  4:39  Drone x2  
  34  4:51  Extractor  
  31  5:02  Drone x3  
  34  5:15  Drone  
  34  5:16  Drone x4  
  39  5:23  Evolution Chamber  
  37  5:38  Drone x2  
  38  5:49  Zerg Missile Weapons Level 1  
  38  5:50  Hydralisk Den  
  38  5:52  Hatchery  
  38  5:55  Spore Crawler  
  38  5:56  Spore Crawler  
  34  6:05  Zergling x4  
  34  6:06  Overlord  
  34  6:07  Overlord x4  
  36  6:19  Muscular Augments  
  36  6:22  Overlord  
  36  6:27  Drone x4  
  40  6:33  Drone x5  
  40  6:37  Drone  
  46  6:54  Queen  
  46  7:00  Hydralisk  
  46  7:01  Hydralisk x5  
  50  7:02  Hydralisk  
  62  7:09  Drone x3  
  62  7:10  Drone  
  66  7:20  Hydralisk  
  66  7:21  Hydralisk x2  
  66  7:22  Zergling x2  
  73  7:24  Drone  
  73  7:25  Drone  
  73  7:29  Queen  
  76  7:39  Drone  
  76  7:40  Drone  
  78  7:50  Drone  
  78  7:52  Hydralisk x5  
  78  7:53  Hydralisk  
  78  7:54  Overlord  
  90  8:06  Overseer  
  90  8:12  Nydus Network  
  90  8:13  Hydralisk x4  
  90  8:16  Drone  
  98  8:44  Overlord  
  98  8:45  Overlord  
  98  8:47  Overlord x2  
  98  8:58  Evolution Chamber  
  98  9:02  Queen  
  97  9:04  Nydus Canal  
  97  9:07  Hydralisk x4  
  97  9:08  Hydralisk  
Show
View Real Time Build Order
Export as new Build Order

Juxtapose Protoss 

Build Orders: Oracle Opening 

Get SALT Encoding   

  12  0:01  Probe (Chrono Boost)  
  13  0:12  Probe (Chrono Boost)  
  14  0:22  Probe (Chrono Boost)  
  14  0:23  Pylon  
  15  0:41  Probe (Chrono Boost)  
  15  0:42  Gateway  
  16  0:52  Probe (Chrono Boost)  
  17  1:02  Probe (Chrono Boost)  
  18  1:10  Assimilator  
  18  1:13  Probe (Chrono Boost)  
  18  1:14  Assimilator  
  18  1:15  Pylon  
  19  1:23  Probe (Chrono Boost)  
  20  1:30  Zealot  
  22  1:41  Probe (Chrono Boost)  
  22  1:42  Cybernetics Core  
  23  1:56  Probe (Chrono Boost)  
  23  2:01  Pylon  
  24  2:07  Probe (Chrono Boost)  
  25  2:16  Pylon  
  25  2:18  Probe (Chrono Boost)  
  25  2:20  Warp Gate  
  26  2:28  Stargate  
  26  2:48  Mothership Core (Chrono Boost)  
  28  3:15  Oracle (Chrono Boost)  
  31  3:30  Nexus  
  31  3:31  Pylon  
  31  3:37  Pylon  
  30  3:53  Twilight Council  
  30  3:59  Forge  
  30  4:00  Probe  
  20  4:51  Probe  
  18  5:03  Probe  
  19  5:09  Pylon, Phoenix (Chrono Boost), Nexus  
  19  5:11  Pylon  
  21  5:15  Probe  
  21  5:16  Zealot  
  23  5:27  Probe  
  23  5:39  Probe  
  24  5:49  Sentry  
  26  5:51  Probe  
  27  6:04  Probe  
  28  6:13  Photon Cannon  
  28  6:16  Probe  
  29  6:28  Probe x2  
  31  6:38  Probe  
  31  6:40  Probe  
  33  6:49  Probe  
  33  6:52  Probe  
  33  6:53  Photon Cannon  
  35  7:00  Probe  
  35  7:04  Probe  
  37  7:10  Pylon, Probe  
  38  7:16  Probe  
  38  7:21  Probe  
  40  7:28  Gateway, Probe  
  41  7:31  Probe  
  42  7:40  Probe  
  42  7:42  Photon Cannon, Probe  
  44  7:53  Probe  
  44  7:56  Protoss Ground Weapons Level 1  
  45  8:03  Probe  
  46  8:06  Assimilator  
  46  8:11  Gateway, Assimilator  
  46  8:13  Pylon  
  46  8:14  Probe  
  46  8:19  Robotics Facility  
  47  8:26  Stalker  
  49  8:43  Probe  
  50  8:53  Probe  
  51  8:56  Gateway  
  51  9:04  Probe  
  51  9:05  Zealot x2  
  56  9:11  Observer  
  56  9:14  Probe  
  56  9:16  Robotics Bay  
  58  9:25  Probe  
  58  9:30  Zealot x2  
  58  9:32  Zealot  
Tags
 
Add a new tag
Caveats
  • Supply blocks, unpowered buildings, or Contaminate may cause inaccurate times.
  • Supply counts are checked every 10 seconds.